 Dungeon Crawl Stone Soup version 0.29-a0-321-gf1c400731a (webtiles) character file.

Game seed: 13108453880419462050

38695 Gargoyl the Cleaver (level 14, -1/90 HPs)
             Began as a Gargoyle Abyssal Knight on Apr 5, 2022.
             Was an Elder of Lugonu.
             Slain by a salamander
             ... wielding a +0 spear
              (10 damage)
             ... in a volcano.
             The game lasted 00:36:20 (23252 turns).

Gargoyl the Cleaver (Gargoyle Abyssal Knight)      Turns: 23252, Time: 00:36:21

Health: -1/90      AC: 32    Str: 20    XL:     14   Next: 3%
Magic:  23/23      EV: 12    Int: 11    God:    Lugonu [****..]
Gold:   1081       SH:  0    Dex: 12    Spells: 13/13 levels left

rFire   . . .      SeeInvis +   u - +4 war axe (flame)
rCold   . . .      Faith    .   (no shield)
rNeg    + . .      Spirit   .   q - +0 plate armour
rPois   ∞          Reflect  .   (no helmet)
rElec   +          Harm     .   j - +2 cloak
rCorr   .          Rampage  +   (no gloves)
Will    +....                   A - +2 pair of boots {rampage}
Stlth   ..........              C - amulet of the acrobat
HPRegen 0.25/turn               c - ring of see invisible
MPRegen 0.18/turn               w - +4 ring of evasion

@: flying
A: sickness immunity, AC +10, big wings, negative energy resistance 1,
electricity resistance, torment resistance 1, petrification resistance, talons 1
a: Renounce Religion, Depart the Abyss, Bend Space, Banish, Corrupt


You were in a volcano.
You worshipped Lugonu.
Lugonu was greatly pleased with you.
You visited 2 branches of the dungeon, and saw 17 of its levels.
You visited the Abyss 2 times.
You also visited: Volcano.

You collected 1081 gold pieces.

Inventory:

Hand Weapons
 a - a +3 hand axe of chaos
 u - a +4 war axe of flaming (weapon)
Missiles
 x - a throwing net
Armour
 j - a +2 cloak (worn)
 q - a +0 plate armour (worn)
 A - a +2 pair of boots of rampaging (worn)
Jewellery
 c - a ring of see invisible (left hand)
 n - a ring of positive energy
 w - a +4 ring of evasion (right hand)
 C - an amulet of the acrobat (around neck)
 E - a ring of positive energy
 H - a ring of ice
 I - an amulet of magic regeneration
Wands
 i - a wand of iceblast (11)
 o - a wand of polymorph (7)
 v - a wand of paralysis (14)
 J - a wand of charming (4)
Scrolls
 d - 11 scrolls of identify
 f - 3 scrolls of magic mapping
 k - a scroll of summoning
 l - 6 scrolls of teleportation
 y - 2 scrolls of blinking
 B - a scroll of holy word
 D - a scroll of enchant armour
 F - a scroll of silence
Potions
 b - a potion of invisibility
 e - 3 potions of heal wounds
 g - 8 potions of curing
 h - 2 potions of lignification
 m - a potion of ambrosia
 p - a potion of resistance
 r - 4 potions of flight
 s - 4 potions of magic
 t - a potion of brilliance
 z - 2 potions of might
 G - a potion of cancellation {unknown}


   Skills:
 + Level 11.3 Fighting
 + Level 14.1 Axes
 + Level 11.3 Armour
 + Level 3.3 Dodging
 + Level 2.0 Stealth
 + Level 0.5 Unarmed Combat
 * Level 12.1 Invocations
 + Level 1.3 Evocations


You had 13 spell levels left.
You didn't know any spells.
Your spell library contained the following spells:

 Spells                   Type           Power      Damage    Failure   Level
 Beastly Appendage        Tmut           0%         N/A       99%         1
 Foxfire                  Conj/Fire      0%         2x1d4     99%         1
 Sting                    Tmut/Pois      0%         1d3       99%         1
 Poisonous Vapours        Pois/Air       0%         N/A       100%        2
 Wereblood                Tmut           0%         N/A       100%        2
 Conjure Flame            Conj/Fire      0%         6-21      100%        3
 Ignite Poison            Fire/Tmut/Pois 0%         N/A       100%        3
 Inner Flame              Hex/Fire       0%         N/A       100%        3
 Mephitic Cloud           Conj/Pois/Air  0%         N/A       100%        3
 Ozocubu's Armour         Ice            0%         N/A       100%        3
 Spider Form              Tmut/Pois      0%         N/A       100%        3
 Animate Dead             Necr           0%         N/A       100%        4
 Flame Wave               Conj/Fire      0%         2d4       100%        4
 Olgreb's Toxic Radiance  Pois           0%         N/A       100%        4
 Freezing Cloud           Conj/Ice/Air   0%         6-21      100%        5
 Haunt                    Necr/Summ      0%         N/A       100%        7
 Ozocubu's Refrigeration  Ice            0%         4d5       100%        7
 Summon Hydra             Summ           0%         N/A       100%        7
 Infestation              Necr           0%         N/A       100%        8
 Sublimation of Blood     Necr           Unusable   N/A       N/A         2

Dungeon Overview and Level Annotations

Branches:
Dungeon (11/15)            Temple (0/1) D:6            Lair (6/6) D:11
  Swamp (0/4) Lair:2       Spider (0/4) Lair:2        Slime (0/5) Lair:6
Volcano (1/1)
    Orc: D:9-12

Altars:
Dithmenos
Fedhas
Nemelex Xobeh
Uskayaw


Innate Abilities, Weirdness & Mutations

You are immune to sickness and miasma.
Your stone body is resilient. (AC +10)
You are immune to poison.
Your large and strong wings let you fly.
You resist negative energy. (rN+)
You are resistant to electric shocks. (rElec)
You are resistant to unholy torment.
You are immune to petrification.
You have sharp toenails.


Message History

Found a plate armour of fire resistance.
A salamander comes into view.
The salamander wields a +0 shortbow of flaming.
It bursts into flame!
The salamander shoots an arrow.
The arrow hits you. The arrow burns you. The salamander misses you.
The salamander shoots an arrow.
The arrow hits you! The arrow burns you.
The salamander hits you but does no damage. x2
You slash the salamander!
The salamander is lightly wounded.
Unknown command.
You barely miss the salamander.
The salamander is lightly wounded.
The salamander shoots an arrow.
The arrow hits you but does no damage.
The salamander hits you with a +2 trident!
You are engulfed in flames!
The salamander hits you but does no damage.
Unknown command.
You slash the salamander!
The salamander is moderately wounded.
The salamander shoots an arrow.
The arrow barely misses you. The salamander misses you.
The salamander barely misses you.
Unknown command.
You closely miss the salamander.
The salamander is moderately wounded.
The salamander shoots an arrow.
The arrow completely misses you. The salamander completely misses you.
The salamander hits you from afar with a +0 spear!
You are engulfed in flames!
* * * LOW HITPOINT WARNING * * *
You feel more buoyant.
The salamander shoots an arrow.
The arrow completely misses you.
The salamander hits you with a +2 trident.
* * * LOW HITPOINT WARNING * * *
You are engulfed in flames!
* * * LOW HITPOINT WARNING * * *
The salamander hits you from afar with a +0 spear.
* * * LOW HITPOINT WARNING * * *
You are engulfed in flames!
You die...

#### .# ..$
##### .N# ..
#.∩..# ![. #.
##)).#
...#N##...# #
#.#.@..N#
...##N...###
##.......##
#....∩∩...#
..####.........
# #.#..#.###.#
#.######.. )!.
...# ∩.# .[!.


You could see 3 salamanders.

Vanquished Creatures
  3 hydras
  A tengu warrior (D:11)
  3 death yaks (Lair:3)
  A sea snake (Lair:1)
  An ugly thing (D:8)
  2 cyclopes
  A moth of wrath (D:11)
  2 torpor snails
  8 black mambas
  Joseph (D:8)
  2 unseen horrors (D:11)
  11 cane toads
  2 rime drakes (Lair:4)
  10 komodo dragons
  2 trolls
  4 polar bears (Lair:2)
  A hornet (D:10)
  A dream sheep (D:11)
  10 blink frogs
  Sigmund (D:2)
  3 wyverns
  3 culicivoras (Lair:2)
  A wraith (D:9)
  56 yaks
  4 basilisks
  A steam dragon (D:8)
  Eustachio (D:6)
  8 vampire mosquitoes
  Menkaure (D:7)
  3 acid dragons
  8 water moccasins
  5 orc warriors
  10 black bears
  21 wolves
  3 centaurs
  10 bullfrogs
  A gnoll sergeant (D:10)
  A necrophage (D:5)
  2 scorpions
  7 wights
  A howler monkey (D:5)
  3 electric eels
  9 hounds
  A gnoll shaman (D:7)
  6 orc priests
  2 jellies (D:6)
  An iguana (D:7)
  13 hell rats
  12 orc wizards
  10 gnolls
  7 adders
  5 white imps
  2 ufetubi
  2 worms (D:5)
  A dart slug (D:3)
  31 orcs
  7 ball pythons
  5 endoplasms
  A giant cockroach (D:1)
  4 goblins
  12 hobgoblins
  4 jackals (D:4)
  11 kobolds
  5 quokkas
  11 bats
  3 frilled lizards (D:1)
  6 rats
391 creatures vanquished.

Vanquished Creatures (others)
  An orc (D:7)
  14 fungi
  24 plants
39 creatures vanquished.

Grand Total: 430 creatures vanquished

Notes
Turn   | Place    | Note
-------+----------+-------------------------------------------
     0 | Abyss:1  | Gargoyl the Gargoyle Abyssal Knight began the quest for the
                  | Orb.
     0 | Abyss:1  | Reached XP level 1. HP: 14/14 MP: 2/2
     0 | D:1      | Escaped the Abyss
    74 | D:1      | Reached ** piety under Lugonu
   111 | D:1      | Reached XP level 2. HP: 20/20 MP: 3/3
   118 | D:1      | Found a faded altar of an unknown god.
   660 | D:1      | Reached skill level 1 in Dodging
   660 | D:1      | Reached XP level 3. HP: 21/24 MP: 4/4
  1093 | D:2      | Reached skill level 2 in Axes
  1485 | D:2      | Noticed Sigmund
  1502 | D:2      | Killed Sigmund
  1503 | D:2      | Reached skill level 3 in Axes
  1503 | D:2      | Reached XP level 4. HP: 26/30 MP: 5/5
  1503 | D:2      | Reached XP level 5. HP: 30/34 MP: 6/6
  1784 | D:3      | Reached skill level 1 in Stealth
  1784 | D:3      | Reached XP level 6. HP: 25/39 MP: 7/7
  2490 | D:3      | Reached *** piety under Lugonu
  2646 | D:3      | Reached skill level 4 in Axes
  3486 | D:4      | Noticed a black bear
  3499 | D:4      | Killed a black bear
  3500 | D:4      | Reached skill level 5 in Axes
  3500 | D:4      | Reached XP level 7. HP: 21/44 MP: 8/8
  4392 | D:5      | Entered Level 5 of the Dungeon
  4451 | D:5      | Reached skill level 5 in Fighting
  4651 | D:5      | Reached XP level 8. HP: 25/50 MP: 9/9
  4655 | D:5      | Reached skill level 6 in Axes
  5295 | D:6      | Noticed Eustachio
  5311 | D:6      | Killed Eustachio
  5367 | D:6      | Reached skill level 5 in Armour
  5666 | D:6      | Found a staircase to the Ecumenical Temple.
  5792 | D:6      | Reached skill level 7 in Axes
  6054 | D:5      | Found a shadowy altar of Dithmenos.
  6054 | D:5      | Found a blossoming altar of Fedhas.
  6057 | D:5      | Found a sparkling altar of Nemelex Xobeh.
  6634 | D:7      | Reached XP level 9. HP: 55/55 MP: 11/11
  7238 | D:7      | Noticed Menkaure
  7238 | D:7      | Noticed a cyclops
  7410 | D:7      | Killed a cyclops
  7523 | D:7      | Killed Menkaure
  7523 | D:7      | Reached **** piety under Lugonu
  7607 | D:7      | Reached skill level 8 in Axes
  8188 | D:7      | Reached skill level 5 in Invocations
  8628 | D:8      | Reached XP level 10. HP: 43/63 MP: 12/14
  8842 | D:8      | Noticed Joseph
  8849 | D:8      | Killed Joseph
  8850 | D:8      | Reached skill level 9 in Axes
  9077 | D:8      | Found a runed translucent door.
  9078 | D:8      | Noticed a red ugly thing
  9436 | D:8      | Killed a red ugly thing
  9447 | D:8      | Reached skill level 1 in Evocations
 10004 | D:9      | Found a hide-covered altar of Uskayaw.
 10543 | D:10     | Entered Level 10 of the Dungeon
 10690 | D:10     | Noticed a seven-headed hydra
 10700 | D:10     | Killed a one-headed hydra
 10701 | D:10     | Reached skill level 10 in Axes
 11048 | D:10     | Reached XP level 11. HP: 56/68 MP: 16/16
 11515 | D:10     | Noticed a cyclops
 11526 | D:10     | Killed a cyclops
 12346 | D:11     | Reached skill level 11 in Axes
 12397 | D:11     | Noticed a tengu warrior
 12414 | D:11     | Killed a tengu warrior
 12796 | D:11     | Reached ***** piety under Lugonu
 13041 | D:11     | Found a staircase to the Lair.
 13394 | D:11     | Noticed Urug
 13396 | D:11     | Noticed Urug
 13396 | D:11     | Urug changed into Urug the dream sheep
 13400 | D:11     | Killed Urug the dream sheep
 13427 | D:11     | Noticed a boulder beetle
 13440 | D:11     | Noticed a moth of wrath
 13440 | D:11     | a boulder beetle changed into a moth of wrath
 13444 | D:11     | Killed a moth of wrath
 13806 | Lair:1   | Entered Level 1 of the Lair of Beasts
 13872 | Lair:1   | Reached XP level 12. HP: 32/75 MP: 18/18
 14741 | Lair:1   | Found a transporter.
 14794 | Lair:1   | Noticed a boulder beetle
 14795 | Lair:1   | Found a transporter.
 15148 | Lair:1   | a boulder beetle changed into a sea snake
 15157 | Lair:1   | Reached skill level 12 in Axes
 16368 | Lair:2   | Identified the ring "Cimots" {Fire Drain rPois Will++
                  | Str+3}
 16795 | Lair:2   | Reached skill level 10 in Invocations
 16888 | Lair:2   | Found a staircase to the Swamp.
 17334 | Lair:2   | Reached skill level 10 in Armour
 17485 | Lair:2   | Found a hole to the Spider Nest.
 18098 | Lair:3   | Reached skill level 10 in Fighting
 18584 | Lair:3   | Reached XP level 13. HP: 35/82 MP: 20/20
 19091 | Lair:3   | Reached skill level 13 in Axes
 19478 | Lair:3   | You fall into a shaft and drop 2 floors!
 20026 | Lair:4   | Escaped the Abyss
 22405 | Lair:5   | Gained mutation: You have sharp toenails. [potion of
                  | mutation]
 22803 | Lair:6   | Entered Level 6 of the Lair of Beasts
 22825 | Lair:6   | Reached skill level 14 in Axes
 22833 | Lair:6   | Found a staircase to the Slime Pits.
 23160 | Lair:6   | Gained mutation: Your large and strong wings let you fly.
                  | [Gargoyle growth]
 23160 | Lair:6   | Reached XP level 14. HP: 90/90 MP: 23/23
 23226 | Lair:6   | Found a dark tunnel.
 23242 | Volcano  | Entered a volcano
 23252 | Volcano  | Slain by a salamander

Illustrated notes

Levels and vault maps discovered:
D:1:      dpeg_arrival_connections, layout_basic, ebering_ecumenical_altar_ruins
D:2:      layout_rooms, uniq_sigmund
D:3:      layout_loops_ring
D:4:      layout_rooms
D:5:      layout_rooms, nicolae_overflow_hidden_temple,
          kennysheep_generic_room_3
D:6:      layout_basic, minmay_temple_entry_butterflies, uniq_eustachio
D:7:      layout_basic, amcnicky_mini_pool_medium, uniq_menkaure
D:8:      layout_rooms, hangedman_decor_points, wad_hexagon, uniq_joseph
D:9:      layout_basic, mainiacjoe_overflow_24_doors, hex_intersection
D:10:     layout_stronghold
D:11:     argonaut_augean_stables, layout_irregular_city, uniq_urug
Lair:1:   gammafunk_boulding_lane, layout_chaotic_city, grunt_megastairs_3
Lair:2:   beast_lair_carwin_large_3, layout_small_grid,
          minmay_swamp_entry_swarm, hellmonk_spider_entry_life_and_decay,
          serial_bayou_shore_b, serial_bayou_shore_a
Lair:3:   layout_regular_city, serial_bayou_crossing
Lair:4:   layout_loops_ring, beast_lair_carwin_7, infiniplex_staircase_pool
Lair:5:   wad_woods_04, layout_regular_city
Lair:6:   grunt_lair_end_beastmaster, layout_cave_pods, slime_dummy,
          nicolae_volcano_entry_lava_flow, grunt_megastairs_5
Volcano:  volcano_caves

Skill      XL: |  1  2  3  4  5  6  7  8  9 10 11 12 13 |
---------------+----------------------------------------+-----
Fighting       | 4 5 6 7 8 10 11 | 11.3
Dodging        | 1 2 3 |  3.3
Axes           | 3 5 7 8 10 11 12 14 | 14.1
Armour         | 3 4 5 6 7 9 10 11 | 11.3
Stealth        | 1 2 |  2.0
Invocations    | 3 5 6 8 10 12 | 12.1
Evocations     | 1 |  1.3
Unarmed Combat | |  0.5

Action                   |  1- 3 |  4- 6 |  7- 9 | 10-12 | 13-15 || total
-------------------------+-------+-------+-------+-------+-------++-------
Melee: Hand axe          |   119 |   124 |   175 |       |       ||   418
       Punch             |     1 |     3 |     5 |     7 |     3 ||    19
       Unarmed           |       |       |    11 |       |       ||    11
       War axe           |       |       |    87 |   670 |   381 ||  1138
Invok: Depart the Abyss  |     1 |       |       |       |     1 ||     2
       Banish            |       |       |     1 |       |     5 ||     6
       Bend Space        |       |       |     1 |       |     1 ||     2
       Enter the Abyss   |       |       |       |       |     1 ||     1
Evoke: Wand              |       |       |     3 |    13 |       ||    16
  Use: Scroll            |     5 |     5 |     8 |    12 |     3 ||    33
       Potion            |     3 |     2 |       |     2 |     5 ||    12
 Stab: Sleeping          |     1 |       |       |       |       ||     1
Armor: Leather armour    |    64 |       |       |       |       ||    64
       Chain mail        |     2 |   117 |   146 |       |       ||   265
       Plate armour      |       |       |   103 |   546 |   282 ||   931
       Skin              |       |       |     3 |       |       ||     3
Dodge: Dodged            |    83 |    64 |   114 |   403 |   261 ||   925

Table legend: (Time is in decaauts)
 A = Elapsed time spent in this place.
 B = Non-inter-level travel time spent in this place.
 C = Inter-level travel time spent in this place.
 D = Time resting spent in this place.
 E = Time spent auto-exploring this place.
 F = Levels seen in this place.
 G = Mean time per level.
                   A        B        C        D        E       F      G
               +--------+--------+--------+--------+--------+-----+--------+
         Total |  23229 |  22548 |    681 |   3567 |  15450 |  21 | 1106.1 |
       Dungeon |  14027 |  13497 |    530 |   1633 |   9638 |  11 | 1275.2 |
          Lair |   9009 |   8859 |    150 |   1761 |   5811 |   6 | 1501.5 |
         Abyss |    183 |    183 |      0 |    173 |      0 |   3 |   61.0 |
       Volcano |      9 |      9 |      0 |      0 |      0 |   1 |    9.0 |
               +--------+--------+--------+--------+--------+-----+--------+

Top non-repeatable levels by time:
  Lair:2: 2216 daAuts
  Lair:4: 2212 daAuts
  Lair:1: 1823 daAuts
    D:10: 1671 daAuts
    D:11: 1653 daAuts
     D:3: 1581 daAuts
     D:6: 1570 daAuts
     D:7: 1475 daAuts
  Lair:3: 1424 daAuts
     D:8: 1410 daAuts
  Lair:5: 1144 daAuts
     D:4: 1117 daAuts
     D:1: 1066 daAuts
     D:9: 899 daAuts
     D:5: 873 daAuts
